 Dungeon Crawl Stone Soup version 0.20.1-1-g8b1a95d (webtiles) character file.

23 lysyklops the Chiller (level 3, 0/24 HPs)
             Began as a Human Ice Elementalist on Nov 19, 2017.
             Slain by a kobold
             ... wielding a +0 short sword of venom
              (2 damage)
             ... on level 1 of the Dungeon on Nov 20, 2017.
             The game lasted 00:04:09 (997 turns).

lysyklops the Chiller (Human Ice Elementalist)       Turns: 997, Time: 00:04:09

Health: 0/24       AC:  3    Str:  8    XL:     3   Next: 10%
Magic:  1/6        EV: 12    Int: 16    God:
Gold:   39         SH:  0    Dex: 13    Spells: 0/6 levels left

rFire    . . .     SeeInvis .   n - +0 short sword
rCold    . . .     Gourm    .   (no shield)
rNeg     . . .     Faith    .   a - +0 robe
rPois    .         Spirit   .   (no helmet)
rElec    .         Reflect  .   (no cloak)
rCorr    .         Harm     .   d - +0 pair of gloves
MR       .....                  (no boots)
Stlth    ++........             (no amulet)
Regen    0.1/turn               (no ring)
MPRegen  0.1/turn               (no ring)

@: lethally poisoned (0 -> -15)
A: no striking features
a: no special abilities


You were on level 1 of the Dungeon.
You were not hungry.

You visited 1 branch of the dungeon, and saw 1 of its levels.

You collected 39 gold pieces.

Inventory:

Hand Weapons
 n - a +0 short sword (weapon)
Armour
 a - a +0 robe (worn)
 d - a +0 pair of gloves (worn)
 i - a +0 pair of gloves
Jewellery
 p - a cursed ring of teleportation {unknown}
Scrolls
 g - a scroll of teleportation {unknown}
 j - a scroll of recharging {unknown}
 k - 2 scrolls of identify {unknown}
 l - a scroll of amnesia {unknown}
 s - a scroll of blinking {unknown}
Potions
 e - a potion of magic {unknown}
 m - 2 potions of might {unknown}
 o - a potion of flight {unknown}
 q - a potion of lignification {unknown}
Books
 b - a book of Frost

   Spells                             Type                      Level
   a - Freeze                         Ice                          1
   b - Throw Frost                    Conjuration/Ice              2
   c - Ozocubu's Armour               Charms/Ice                   3
   d - Throw Icicle                   Conjuration/Ice              4
   e - Summon Ice Beast               Ice/Summoning                4
Comestibles
 c - a bread ration
 f - 2 meat rations
 h - 4 fruits
 r - 5 chunks of flesh


   Skills:
 + Level 2.0 Dodging
 + Level 2.0 Stealth
 + Level 2.1 Spellcasting
 + Level 1.0 Conjurations
 + Level 3.9 Ice Magic


You couldn't memorise any spells.
You knew the following spells:

 Your Spells              Type           Power        Failure   Level  Hunger
a - Freeze                Ice            ##..         4%          1    #......
b - Throw Frost           Conj/Ice       #.....       12%         2    ###....
c - Ozocubu's Armour      Chrm/Ice       #.......     28%         3    ###....


Dungeon Overview and Level Annotations

Branches:
Dungeon (1/15)

Altars:


Message History

The kobold throws a stone.
The stone misses you.
The kobold hits you with a short sword of venom.
You miss the kobold. The kobold hits you but does no damage.
You are lethally poisoned!
You completely miss the kobold.
* * * LOW HITPOINT WARNING * * *
You feel sick.
The kobold hits you with a short sword of venom.
* * * LOW HITPOINT WARNING * * *
You are more poisoned.
You closely miss the kobold.
* * * LOW HITPOINT WARNING * * *
You feel sick.
The kobold hits you with a short sword of venom.
* * * LOW HITPOINT WARNING * * *
You barely miss the kobold.
* * * LOW HITPOINT WARNING * * *
You feel sick.
The kobold hits you with a short sword of venom.
You die...

#.##.....#.....# #.#
#.......#### ...#.....#.##..#
#.# ###.##'##
....#......##..###.## #.##.#
...#.#...#.##..##...####.##.#
..#......#.##..##........##.#
.#.#.....#.##..##.#.#######.#
#...#....#.##..##.#.........#
.#...#...#.##..##.#..########
......#..#.##..K@.....(#
.......#.#.##...#.#..#.#
........##.##...#.#....#
##########.##รท..#.##.###
..^.....##.##..(#....#
######.....##..)#########
#.#.####............
##...........(.).....
#.......##...........


You could see a kobold.

Vanquished Creatures
  2 dart slugs (D:1)
  A bat (D:1)
  A giant cockroach (D:1)
  3 goblins (D:1)
  2 hobgoblins (D:1)
  A kobold (D:1)
  9 rats (D:1)
19 creatures vanquished.

Notes
Turn   | Place    | Note
-------+----------+-------------------------------------------
     0 | D:1      | lysyklops the Human Ice Elementalist began the quest for the Orb.
     0 | D:1      | Reached XP level 1. HP: 13/13 MP: 3/3
   251 | D:1      | Reached XP level 2. HP: 19/19 MP: 0/5
   257 | D:1      | Learned a level 2 spell: Throw Frost
   910 | D:1      | Reached XP level 3. HP: 24/24 MP: 1/6
   964 | D:1      | Learned a level 3 spell: Ozocubu's Armour
   997 | D:1      | Slain by a kobold

Action                   || total
-------------------------++-------
Melee: Short sword       ||    17
 Cast: Freeze            ||    20
       Throw Frost       ||     9
  Eat: Chunk             ||     1
Armor: Robe              ||     6
Dodge: Dodged            ||    20
